 Dungeon Sprint DCSS version 0.24-a0-581-gc0fa660 (webtiles) character file.

Game seed: 4399357499849810515

2268 Faca the Severer (level 9, -9/81 HPs)
             Began as a Formicid Fighter on Aug 22, 2019.
             Was a High Priest of Makhleb.
             Mangled by Gocku the pandemonium lord (36 damage)
             ... in the Dungeon (Sprint V: "Ziggurat Sprint").
             The game lasted 00:03:33 (273 turns).

Faca the Severer (Formicid Fighter)                  Turns: 273, Time: 00:03:34

Health: -9/81      AC: 20    Str: 40    XL:     9   Next: 65%
Magic:  9/9        EV:  9    Int:  9    God:    Makhleb [*****.]
Gold:   0          SH: 16    Dex: 10    Spells: 8/8 levels left

rFire    . . .     SeeInvis +   u - +5 broad axe (elec)
rCold    . . .     Gourm    .   s - +3 shield
rNeg     . . .     Faith    .   q - +5 storm dragon scales
rPois    .         Spirit   .   (helmet unavailable)
rElec    +         Reflect  .   (no cloak)
rCorr    .         Harm     .   (no gloves)
MR       .....                  t - +0 pair of boots {run}
Stlth    ..........             (no amulet)
HPRegen  0.23/turn              E - +6 ring of strength
MPRegen  0.11/turn              F - +6 ring of strength

@: mighty, quick
A: permanent stasis, dig shafts and tunnels, four strong arms, antennae 3
a: Dig, Minor Destruction, Lesser Servant of Makhleb, Major Destruction, Greater
Servant of Makhleb, Renounce Religion


You were in the Dungeon.
You worshipped Makhleb.
Makhleb was extremely pleased with you.
You were not hungry.

You visited 1 branch

Inventory:

Hand Weapons
 u - a +5 broad axe of electrocution (weapon)
 v - a +5 executioner's axe of flaming
 J - the +8 battleaxe "Vaneikhi" {drain, MP+9 Str+3}
   (You took it off a guardian mummy in the Dungeon)

   A truly terrible weapon, it drains the life of those it strikes.
   It affects your strength (+3).
   It affects your magic capacity (+9).
Armour
 o - +5 gold dragon scales
 q - +5 storm dragon scales (worn)
 r - a +3 large shield
 s - a +3 shield (worn)
 t - a +0 pair of boots of running (worn)
Jewellery
 z - an uncursed ring of flight
 A - a +6 ring of dexterity
 B - a +6 ring of dexterity
 C - a +6 ring of intelligence
 D - a +6 ring of intelligence
 E - a +6 ring of strength (left hand)
 F - a +6 ring of strength (right hand)
Wands
 G - a wand of disintegration (7)
 H - a wand of iceblast (7)
 I - a wand of acid (6)
Scrolls
 a - 4 scrolls of amnesia
 b - 7 scrolls of fog
 k - 4 scrolls of blinking
 w - 5 scrolls of identify
 x - 5 scrolls of remove curse
 y - 2 scrolls of fear
Potions
 d - 5 potions of might
 e - 10 potions of curing
 g - 10 potions of heal wounds
 h - 6 potions of haste
 i - 7 potions of magic
 j - 3 potions of berserk rage
 l - 2 potions of brilliance
 m - 2 potions of invisibility
 n - 4 potions of resistance
 p - 5 potions of agility
Comestibles
 f - 7 rations


   Skills:
 + Level 11.1 Fighting
 + Level 15.2 Axes
 + Level 8.2 Armour
 + Level 9.0 Shields


You had 8 spell levels left.
You didn't know any spells.
Your spell library contained the following spells:

 Spells                   Type           Power        Failure   Level  Hunger
 Confusing Touch          Hex            #.....       77%         1    ##.....
 Corpse Rot               Necr           N/A          88%         2    ###....
 Sublimation of Blood     Necr           #.........   88%         2    ###....
 Dazzling Spray           Conj/Hex       #.....       98%         3    ####...
 Spectral Weapon          Hex/Chrm       #.......     98%         3    ####...
 Cause Fear               Hex            #.........   100%        4    #####..
 Leda's Liquefaction      Hex/Erth       #.........   100%        4    #####..
 Agony                    Necr           #.......     100%        5    ######.
 Alistair's Intoxication  Tmut/Pois      #.......     100%        5    ######.
 Bolt of Draining         Conj/Necr      #.........   100%        5    ######.
 Bolt of Magma            Conj/Fire/Erth #.........   100%        5    ######.
 Dispel Undead            Necr           #.......     100%        5    ######.
 Excruciating Wounds      Chrm/Necr      #.........   100%        5    ######.
 Metabolic Englaciation   Hex/Ice        #.........   100%        5    ######.
 Darkness                 Hex            #.........   100%        6    #######
 Iron Shot                Conj/Erth      #.........   100%        6    #######
 Statue Form              Tmut/Erth      #........    100%        6    #######
 Shatter                  Erth           #.........   100%        9    #######


Dungeon Overview and Level Annotations

Branches:
Dungeon (1/1)

Altars:
Ashenzari
Cheibriados
Dithmenos
Elyvilon
Fedhas
Gozag
Hepliaklqana
Kikubaaqudgha
Makhleb
Nemelex Xobeh
Okawaru
Qazlal
Ru
Sif Muna
Trog
Uskayaw
Vehumet
Wu Jian
Xom
Yredelemnul
Zin
The Shining One
Beogh
Jiyva
Lugonu


Innate Abilities, Weirdness & Mutations

You cannot be hasted, slowed, berserked, paralysed or teleported.
You can dig through walls and to a lower floor.
Your four strong arms can wield two-handed weapons with a shield.
You have a pair of large antennae on your head. (SInv)


Message History

Gocku is lightly wounded.
Gocku is lost in a daze.
The hellwing is lost in a daze.
You feel very mighty all of a sudden.
The hellwing is lost in a daze.
You completely miss Gocku.
Gocku is lightly wounded.
You block Gocku's attack.
The ynoxinul is lost in a daze.
Gocku is lost in a daze.
You completely miss Gocku.
Gocku is lightly wounded.
The hellwing is lost in a daze.
Gocku hits you!!
The ynoxinul is lost in a daze.
You completely miss Gocku.
Gocku is lightly wounded.
Gocku hits you!!
Idewnobo is lost in a daze.
You miss Gocku.
Gocku is lightly wounded.
You block Gocku's attack.
The ynoxinul is lost in a daze.
Gocku hits you!!!
You die...
Xom roars with laughter!

▓..[|[..▓
▓..}=[..▓
▓.......▓
▓..3....▓
▓...4...▓
.......
▓.▓.&&▓.▓
▓...@...▓
▓▓▓▓▓▓▓▓▓


{{{{{ {{{{ You could see Gocku (dazed), Idewnobo (dazed), a hellwing (dazed) and
a ynoxinul (dazed).

Vanquished Creatures
  A sixfirhy (D)
  A guardian mummy (D)
  4 merfolk (D)
  A hell hound (D)
  A floating eye (D)
  2 eyes of draining (D)
  A quasit (D)
  4 jellies (D)
  An orc priest (D)
  2 iron imps (D)
  A shadow imp (D)
  An adder skeleton (D)
  4 orcs (D)
  A bat skeleton (D)
  A bat zombie (D)
26 creatures vanquished.

Notes
Turn   | Place    | Note
-------+----------+-------------------------------------------
     0 | D        | Faca the Formicid Fighter began the quest for the Orb.
     0 | D        | Reached XP level 1. HP: 18/18 MP: 1/1
     0 | D        | Found a shimmering blue altar of Sif Muna.
     0 | D        | Found a sacrificial altar of Ru.
     0 | D        | Found a bloodstained altar of Trog.
     0 | D        | Found a stormy altar of Qazlal.
     0 | D        | Found an iron altar of Okawaru.
     0 | D        | Found a sparkling altar of Nemelex Xobeh.
     0 | D        | Found a blossoming altar of Fedhas.
     1 | D        | Found the +6 Majin-Bo {vamp, Archmagi MP+6 Int+6}
     1 | D        | Found the +7 great mace "Firestarter" {inner flame, rF++}
     2 | D        | Reached skill level 7 in Axes
     2 | D        | Reached XP level 2. HP: 24/24 MP: 2/2
     7 | D        | Became a worshipper of Xom of Chaos
    35 | D        | Found a viscous altar of Jiyva.
    35 | D        | Found a hazy altar of Hepliaklqana.
    35 | D        | Found a transporter.
    35 | D        | Found an opulent altar of Gozag.
    35 | D        | Found an ancient bone altar of Kikubaaqudgha.
    35 | D        | Found a corrupted altar of Lugonu.
    43 | D        | Found a burning altar of Makhleb.
    64 | D        | Found the +6 shillelagh "Devastator" {shatter}
    64 | D        | Found the +11 plutonium sword {*Contam Stlth-}
    64 | D        | Found the +8 lance "Wyrmbane" {slay drac, rPois rF+ rC+
                  | AC+3}
    64 | D        | Found the +9 sword of Zonguldrok {reap}
    64 | D        | Found the cursed +13 scythe of Curses {drain, *Curse}
    64 | D        | Found the +0 sword of Power
    64 | D        | Found the +7 mace of Variability {chain chaos}
    64 | D        | Found the +7 Singing Sword {slice, sonic wave}
    64 | D        | Found the +8 storm bow {elec, penet}
    66 | D        | Fell from the grace of Xom
    66 | D        | Became a worshipper of Makhleb the Destroyer
    70 | D        | Found the +9 heavy crossbow "Sniper" {velocity, Acc+∞ SInv}
    70 | D        | Found the +10 dark maul {crush}
    70 | D        | Found the +15 Maxwell's patent armour {-Cast -Tele rElec
                  | MR+ rCorr}
    70 | D        | Found the +18 shield of the Gong {rElec rN+ MR+ EV-5}
    70 | D        | Found the cursed +14 obsidian axe {chop, +Fly SInv *Curse}
    73 | D        | Entered arena 2.
    73 | D        | Noticed a guardian mummy
    73 | D        | Found a transporter.
    74 | D        | Identified the +8 battleaxe "Vaneikhi" {drain, MP+9 Str+3}
    81 | D        | Killed a guardian mummy
    81 | D        | Reached skill level 12 in Axes
    81 | D        | Reached XP level 3. HP: 29/29 MP: 3/3
    81 | D        | Reached XP level 4. HP: 35/35 MP: 4/4
    81 | D        | Reached XP level 5. HP: 41/41 MP: 5/5
    81 | D        | Reached XP level 6. HP: 47/47 MP: 6/6
    91 | D        | Entered arena 3.
    91 | D        | Noticed an eye of draining
    91 | D        | Found a transporter.
    94 | D        | Reached * piety under Makhleb
    99 | D        | Killed an eye of draining
    99 | D        | Reached skill level 13 in Axes
    99 | D        | Reached XP level 7. HP: 58/58 MP: 0/7
   164 | D        | Entered arena 4.
   164 | D        | Found a transporter.
   166 | D        | Reached ** piety under Makhleb
   170 | D        | Reached skill level 14 in Axes
   176 | D        | Entered arena 5.
   176 | D        | Noticed a merfolk
   176 | D        | Noticed a merfolk
   176 | D        | Noticed a merfolk
   176 | D        | Noticed a merfolk
   176 | D        | Found a transporter.
   184 | D        | Killed a merfolk
   184 | D        | Reached *** piety under Makhleb
   184 | D        | Reached skill level 5 in Shields
   184 | D        | Reached XP level 8. HP: 66/71 MP: 2/8
   185 | D        | Killed a merfolk
   185 | D        | Reached skill level 5 in Armour
   188 | D        | Killed a merfolk
   194 | D        | Killed a merfolk
   194 | D        | Reached skill level 10 in Fighting
   194 | D        | Reached XP level 9. HP: 78/78 MP: 3/9
   222 | D        | Entered arena 6.
   222 | D        | Found a transporter.
   224 | D        | Reached **** piety under Makhleb
   232 | D        | Got Sif Muna's Grimoire of Curses
   240 | D        | Identified a +0 pair of boots of running (You found it in
                  | the Dungeon)
   242 | D        | Got the Incunabulum of Entrancing Poison
   245 | D        | Entered arena 7.
   247 | D        | Reached ***** piety under Makhleb
   253 | D        | Found a transporter.
   266 | D        | Entered arena 8.
   266 | D        | Noticed a sixfirhy
   266 | D        | Noticed a hellwing
   266 | D        | Noticed Idewnobo the pandemonium lord
   266 | D        | Noticed Gocku the pandemonium lord
   267 | D        | Killed a sixfirhy
   267 | D        | Reached skill level 15 in Axes
   273 | D        | Mangled by Gocku the pandemonium lord

Levels and vault maps discovered:
D:        sprint_v [room_start, room_1, room_2, room_3, room_4, room_5, room_6,
          room_7, room_8, room_9, room_10, room_11, room_12, room_13, room_14,
          room_15, room_16, room_17, room_18, room_19, room_20, room_21,
          room_22, room_23, room_24, room_25, room_26, room_27]

Skill      XL: |  1  2  3  4  5  6  7  8  9 |
---------------+----------------------------+-----
Axes           | 7 12 13 14 15 | 15.2
Fighting       | 6 9 10 11 | 11.1
Armour         | 4 6 8 |  8.2
Shields        | 5 7 9 |  9.0

Action                   |  1- 3 |  4- 6 |  7- 9 || total
-------------------------+-------+-------+-------++-------
Melee: Broad axe         |     7 |     6 |    37 ||    50
Evoke: Wand              |       |       |     1 ||     1
  Use: Potion            |     1 |       |     1 ||     2
       Scroll            |       |     1 |     2 ||     3
Armor: Storm dragon scal |       |     1 |    12 ||    13
Dodge: Dodged            |     1 |       |    11 ||    12
Block: Shield            |     4 |     1 |    38 ||    43

Table legend:
 A = Non-vault XP
 B = Vault XP
 C = Vault XP percentage of total XP
 D = Non-vault monster count
 E = Vault monster count
 F = Vault count percentage of total count
                 A         B        C        D         E       F
            +---------+---------+-------+---------+---------+-------
      Total |       0 |    3232 | 100.0 |       0 |      26 | 100.0
            +---------+---------+-------+---------+---------+-------
          D |       0 |    3232 | 100.0 |       0 |      26 | 100.0
            +---------+---------+-------+---------+---------+-------
